 Dungeon Crawl Stone Soup version 0.17-a0-1939-ga475588 (webtiles) character file.

10306 graki42 the Thaumaturge (level 11, -5/56 HPs)
             Began as a Deep Elf Fire Elementalist on Sept 29, 2015.
             Was a Follower of Vehumet.
             Slain by Maud
             ... wielding a +4 double sword
              (35 damage)
             ... on level 10 of the Dungeon.
             The game lasted 01:11:02 (11449 turns).

graki42 the Thaumaturge (DEFE)                     Turns: 11449, Time: 01:11:02

Health: -5/56      AC:  6    Str:  8    XL:     11   Next: 34%
Magic:  17/30      EV: 17    Int: 23    God:    Vehumet [*.....]
Gold:   424        SH:  0    Dex: 15    Spells: 5 memorised, 20 levels left

rFire  . . .     SeeInvis .     e - +1 dagger (drain)
rCold  . . .     Clarity  +     a - +0 robe
rNeg   + . .     SustAt   +     (no shield)
rPois  .         Gourm    .     (no helmet)
rElec  .         Spirit   .     R - +0 cloak (curse)
rCorr  .         Warding  .     j - +2 pair of gloves
rMut   .         Stasis   .     (no boots)
MR     +....                    p - amulet of clarity
Stlth  ++++......               q - ring of sustain attributes
                                f - ring of positive energy

@: somewhat resistant to hostile enchantments, stealthy
A: clever 1
a: Renounce Religion


You were on level 10 of the Dungeon.
You worshipped Vehumet.
Vehumet was aware of your devotion.
You were hungry.

You visited 3 branches of the dungeon, and saw 12 of its levels.
You also visited: Ossuary.

You collected 424 gold pieces.

Inventory:

Hand weapons
 e - a +1 dagger of draining (weapon)
Missiles
 l - a throwing net (quivered)
Armour
 a - a +0 robe (worn)
 i - a +1 cloak
 j - a +2 pair of gloves (worn)
 G - the +1 leather armour of the Demon Prince {rF+ rN+}
   (You found it on level 7 of the Dungeon)

   It protects you from fire.
   It protects you from negative energy.
 R - a cursed +0 cloak (worn)
Magical staves
 I - an uncursed staff of air
Jewellery
 f - a ring of positive energy (left hand)
 o - an uncursed ring of flight
 p - an amulet of clarity (around neck)
 q - a ring of sustain attributes (right hand)
 T - a cursed ring of teleportation {unknown}
Magical devices
 g - a wand of disintegration (14)
 w - a wand of paralysis (13)
 H - a wand of paralysis (5)
Scrolls
 h - 6 scrolls of remove curse
 k - 5 scrolls of enchant armour
 n - 3 scrolls of recharging
 t - 3 scrolls of identify
 y - 2 scrolls of fear
 E - 4 scrolls of enchant weapon
Potions
 d - 3 potions of haste
 s - 7 potions of curing
 u - a potion of cure mutation
 v - a potion of heal wounds
 x - a potion of invisibility {unknown}
 z - 2 potions of brilliance {unknown}
 A - 2 potions of flight {unknown}
 B - 2 potions of berserk rage {unknown}
 F - a potion of resistance {unknown}
 S - a potion of mutation {unknown}
Books
 b - a book of Flames

   Spells                             Type                      Level
   a - Flame Tongue                   Conjuration/Fire             1
   b - Throw Flame                    Conjuration/Fire             2
   c - Conjure Flame                  Conjuration/Fire             3
   d - Inner Flame                    Hexes/Fire                   3
   e - Sticky Flame                   Conjuration/Fire             4
   f - Fireball                       Conjuration/Fire             5
 J - Kikubaaqudgha's Guide on Sinister Rituals
   (You found it on level 9 of the Dungeon)

   Spells                             Type                      Level
   a - Animate Skeleton               Necromancy                   1
 K - Sif Muna's Collected Works on Enhancements
   (You found it on level 9 of the Dungeon)

   Spells                             Type                      Level
   a - Infusion                       Charms                       1
 L - Vehumet's Incunabulum of Arcane Weapons
   (You found it on level 9 of the Dungeon)

   Spells                             Type                      Level
   a - Magic Dart                     Conjuration                  1
 N - a book of Burglary

   Spells                             Type                      Level
   a - Swiftness                      Charms/Air                   2
   b - Passwall                       Transmutation/Earth          3
   c - Passage of Golubria            Translocation                4
   d - Lee's Rapid Deconstruction     Earth                        5
   e - Darkness                       Hexes                        6
   f - Invisibility                   Hexes                        6
Comestibles
 c - 7 bread rations
 m - 4 meat rations
 r - 4 fruits
 C - 2 royal jellies
 P - 2 beef jerkies
 Q - 7 slices of pizza


   Skills:
 + Level 1.4 Fighting
 + Level 0.8 Short Blades
 + Level 8.4 Dodging
 + Level 7.7 Stealth
 + Level 13.1 Spellcasting
 + Level 9.1 Conjurations
 + Level 1.6 Hexes
 + Level 10.3 Fire Magic
 + Level 4.7 Evocations


You had 20 spell levels left.
You knew the following spells:

 Your Spells              Type           Power        Failure   Level  Hunger
a - Flame Tongue          Conj/Fire      #####        1%          1    None
b - Conjure Flame         Conj/Fire      ######..     1%          3    None
c - Inner Flame           Hex/Fire       #####...     1%          3    None
d - Sticky Flame          Conj/Fire      ######..     1%          4    None
e - Fireball              Conj/Fire      ######....   1%          5    ###....


Dungeon Overview and Level Annotations

Branches:
Dungeon (10/15)            Temple (1/1) D:7            Lair (1/8) D:8
    Orc: D:9-12

Altars:
Ashenzari
Cheibriados
Dithmenos
Elyvilon
Fedhas
Gozag
Kikubaaqudgha
Makhleb
Nemelex Xobeh
Okawaru
Qazlal
Ru
Sif Muna
Trog
Vehumet
Xom
Yredelemnul
Zin
The Shining One

Shops:
D:5 }   D:6 [   D:9 ?   D:10 (

Annotations:
D:10 Maud


Innate Abilities, Weirdness & Mutations

Your mind is acute. (Int +2)


Message History

You are feeling hungry.
Maud shouts!
Casting: Flame Tongue
Confirm with . or Enter, or press ? or * to list all spells.
Aiming: Flame Tongue
Press: ? - help, Shift-Dir - straight line, f - Maud
Aim: Maud, wielding an enchanted double sword and wearing a plate armour The flame tongue hits Maud.
Maud is lightly wounded.
Casting: Flame Tongue
Confirm with . or Enter, or press ? or * to list all spells.
Aiming: Sticky Flame
Press: ? - help, Shift-Dir - straight line, f/p - Maud
Aim: Maud, wielding an enchanted double sword and wearing a plate armour (lightly wounded)
The sticky flame hits Maud.
Maud is lightly wounded.
Maud is covered in liquid flames!
Maud burns!
Maud hits you with an enchanted double sword!!
Ouch! That really hurt!
You die...

#.....# #.....#
#.....# #### #..####
.... #..# C....
#..###### .....
#.......# #....
#.......# #######'###
#..F. #.......#
#..@@...... .. +....
#.......####....#####'
#..#####
#...............#
#.......
#.#####+#.#####.#
#....l.. #. #.# .#
#....... #. #.# .#
#......@ #.# .'
#....... #.# .#
#..####. #.# #.. ##


You could see Maud (burning).

Vanquished Creatures
  A centaur warrior (D:8)
  An unseen horror (D:8)
  A hill giant (D:9)
  Joseph (Lair:1)
  A troll (D:8)
  A slime creature (D:8)
  Sigmund (D:3)
  A human (D:9)
  A wyvern (D:9)
  3 hippogriffs
  Grum (D:9)
  3 wolves (D:9)
  A hungry ghost (D:7)
  Menkaure (D:7)
  A water moccasin (D:9)
  2 orc warriors
  3 sky beasts
  2 phantoms
  2 necrophages
  5 centaurs
  3 ice beasts (D:8)
  A black bear (D:8)
  5 ogres
  A crocodile (D:8)
  2 gnoll sergeants
  A big kobold (D:9)
  7 giant frogs
  A water moccasin zombie (D:8)
  A wyvern skeleton (D:8)
  2 scorpions
  A killer bee (D:8)
  A quasit (D:8)
  3 centaur zombies
  2 giant frog zombies
  3 hounds
  4 centaur skeletons
  Crazy Yiuf (D:2)
  3 orc priests
  Ijyb (D:3)
  2 giant frog skeletons
  2 orc wizards
  2 iguanas (D:8)
  8 worker ants
  4 sheep (D:9)
  A hound zombie (D:7)
  4 mummies
  Robin (D:3)
  4 gnolls
  10 adders
  2 shadow imps
  4 oozes
  An adder zombie (Ossuary)
  4 worms
  6 giant geckos
  15 orcs
  4 bats
  9 giant cockroaches
  9 hobgoblins
  20 jackals
  17 kobolds
  2 ball pythons
  3 giant newts
  18 goblins
  3 goblin zombies (Ossuary)
  2 hobgoblin zombies (Ossuary)
  5 kobold zombies (Ossuary)
  6 quokkas
  5 quokka zombies (Ossuary)
  3 rats
  2 rat zombies (Ossuary)
254 creatures vanquished.

Notes
Turn   | Place    | Note
--------------------------------------------------------------
     0 | D:1      | graki42 the Deep Elf Fire Elementalist began the quest for the Orb.
     0 | D:1      | Reached XP level 1. HP: 10/10 MP: 6/6
   285 | D:1      | Reached XP level 2. HP: 15/15 MP: 4/8
   775 | D:1      | Reached XP level 3. HP: 15/19 MP: 0/10
  1070 | D:1      | Learned a level 3 spell: Conjure Flame
  1074 | D:1      | Learned a level 3 spell: Inner Flame
  1105 | D:2      | Reached skill level 4 in Spellcasting
  1801 | D:2      | Found a burning altar of Makhleb.
  1805 | D:2      | Reached XP level 4. HP: 24/24 MP: 7/12
  1897 | D:2      | Noticed Crazy Yiuf
  1906 | D:2      | Killed Crazy Yiuf
  2093 | D:2      | Reached XP level 5. HP: 28/28 MP: 7/14
  2248 | D:2      | Learned a level 4 spell: Sticky Flame
  2351 | D:4      | Found an iron altar of Okawaru.
  2624 | D:4      | Found a shattered altar of Ashenzari.
  2638 | D:3      | Reached skill level 5 in Spellcasting
  3025 | D:3      | Noticed Sigmund
  3045 | D:3      | Noticed Robin
  3488 | D:3      | Killed Robin
  3634 | D:3      | Noticed Ijyb
  3641 | D:3      | Killed Ijyb
  3641 | D:3      | Reached XP level 6. HP: 32/32 MP: 8/16
  3711 | D:3      | Killed Sigmund
  3711 | D:3      | Reached skill level 6 in Spellcasting
  3910 | D:4      | Found a basalt altar of Yredelemnul.
  3910 | D:4      | Found a bloodstained altar of Trog.
  3994 | D:4      | Learned a level 5 spell: Fireball
  4377 | D:4      | Reached skill level 5 in Fire Magic
  4377 | D:4      | Reached XP level 7. HP: 36/36 MP: 11/18
  4433 | D:4      | Found a shadowy altar of Dithmenos.
  4437 | D:4      | Found an opulent altar of Gozag.
  4473 | D:4      | Found a blossoming altar of Fedhas.
  4575 | D:5      | Entered Level 5 of the Dungeon
  4628 | D:5      | Found Amamy's Gadget Emporium.
  4741 | D:5      | Found a shattered altar of Ashenzari.
  4748 | D:5      | Reached skill level 7 in Spellcasting
  4952 | D:5      | Reached skill level 1 in Hexes
  5288 | D:6      | Found a sand-covered staircase.
  5296 | Ossuary  | Entered an ossuary
  5862 | D:6      | Reached XP level 8. HP: 42/42 MP: 14/21
  5957 | D:6      | Found a glowing golden altar of the Shining One.
  6026 | D:6      | Reached skill level 8 in Spellcasting
  6036 | D:6      | Reached skill level 5 in Conjurations
  6258 | D:6      | Found Rackirru's Armour Shop.
  6876 | D:7      | Found a staircase to the Ecumenical Temple.
  6905 | D:7      | Reached skill level 9 in Spellcasting
  6956 | D:7      | Noticed Menkaure
  6960 | D:7      | Killed Menkaure
  7161 | D:7      | Got a smoking leather armour
  7266 | D:7      | Identified the +1 leather armour of the Demon Prince {rF+ rN+} (You found it on level 7 of the Dungeon)
  7272 | D:7      | Reached skill level 11 in Spellcasting
  7272 | D:7      | Reached XP level 9. HP: 46/46 MP: 23/26
  7330 | D:8      | Gained mutation: Your mind is acute. (Int +2) [potion of beneficial mutation]
  7343 | D:8      | Reached XP level 10. HP: 34/51 MP: 17/27
  7520 | D:8      | Reached skill level 1 in Fighting
  7701 | Temple   | Entered the Ecumenical Temple
  7954 | D:8      | Noticed a centaur warrior
  7978 | D:8      | Killed a centaur warrior
  8234 | D:8      | Found a staircase to the Lair.
  8403 | D:8      | Noticed an unseen horror
  8404 | D:8      | Killed an unseen horror
  8589 | D:8      | Reached skill level 12 in Spellcasting
  9412 | D:9      | Noticed a hill giant
  9415 | D:9      | Noticed Grum
  9424 | D:9      | Killed a hill giant
  9708 | Lair:1   | Entered Level 1 of the Lair of Beasts
  9740 | Lair:1   | Noticed Joseph
  9754 | Lair:1   | Killed Joseph
  9754 | Lair:1   | Reached XP level 11. HP: 46/56 MP: 14/29
 10405 | D:9      | Found an ancient bone altar of Kikubaaqudgha.
 10407 | D:9      | Found a radiant altar of Vehumet.
 10407 | D:9      | Found a deep blue altar of Sif Muna.
 10412 | D:9      | Identified Kikubaaqudgha's Guide on Sinister Rituals
 10419 | D:9      | Identified Sif Muna's Collected Works on Enhancements
 10428 | D:9      | Identified Vehumet's Incunabulum of Arcane Weapons
 10430 | D:9      | Became a worshipper of Vehumet
 10469 | D:9      | Reached skill level 10 in Fire Magic
 10567 | D:9      | Found Jianti's Magic Scroll Shop.
 10594 | D:9      | Found a shimmering altar of Xom.
 10972 | D:9      | Killed Grum
 10972 | D:9      | Reached skill level 13 in Spellcasting
 11050 | D:9      | Acquired Vehumet's first power
 11050 | D:9      | Offered knowledge of Sting by Vehumet.
 11211 | D:10     | Entered Level 10 of the Dungeon
 11267 | D:10     | Noticed a hill giant
 11269 | D:10     | Noticed Maud
 11380 | D:10     | Found Hogiu's Weapon Boutique.
 11449 | D:10     | Slain by Maud

Vault maps used:
D:1:      noname_arrival_rooms_in_the_neighbourhood, minmay_crystal_room
D:2:      makhleb_blood_cavern_becter, uniq_crazy_yiuf_cottage
D:3:      uniq_iyjb, uniq_robin, uniq_sigmund
D:4:      gammafunk_temple_overflow_elements, grunt_temple_overflow_diamond,
          okawaru_metal_pillars_1_2, cheibrodos_ashenzari_chains
D:5:      lemuel_round_altar, serial_shops, shop_statue, first_bread,
          st_stairs_3
D:6:      tso_metal_star, gup_ossuary_entry_pyramid, serial_shops, shop
D:7:      minmay_temple_entry_statues_pillars, uniq_menkaure
D:8:      minmay_quarter_circles
D:9:      grunt_temple_overflow_magic_moments, serial_shops,
          nicolae_shop_waterfront, grunt_livestock, lemuel_tele_altar, uniq_grum
D:10:     serial_shops, nicolae_shop_stone, enter_bailey_2,
          lightli_wizard_tower, uniq_maud
Temple:   temple_island_7
Lair:1:   bh_autumn_forest_stairs, uniq_sonja, uniq_joseph
Ossuary:  ossuary_minmay_chase

Action                   |  1- 3 |  4- 6 |  7- 9 | 10-12 || total
-------------------------+-------+-------+-------+-------++-------
Melee: Dagger            |     9 |       |     2 |    69 ||    80
       Great sword       |       |    12 |     1 |       ||    13
 Cast: Flame Tongue      |    81 |   127 |   139 |   154 ||   501
       Conjure Flame     |       |     3 |     2 |    10 ||    15
       Sticky Flame      |       |     5 |    22 |    57 ||    84
       Inner Flame       |       |       |     1 |     6 ||     7
       Fireball          |       |       |       |     8 ||     8
  Use: Potion            |     2 |       |     2 |       ||     4
       Scroll            |       |    11 |    10 |     2 ||    23
 Stab: Sleeping          |     1 |       |     3 |     2 ||     6
  Eat: Chunk             |     3 |     8 |     8 |    13 ||    32
       Fruit             |       |       |     2 |       ||     2
       Pizza             |       |       |     1 |       ||     1
